Replay - Bly v InZaNe - Ruins of Endion

Build Order

Get SALT Encoding   

  12  0:02  SCV  
  13  0:14  SCV  
  13  0:18  Supply Depot  
  14  0:26  SCV  
  15  0:39  SCV  
  15  0:42  Barracks  
  16  0:45  Refinery  
  16  0:51  SCV  
  17  1:04  SCV  
  18  1:16  SCV  
  19  1:29  Orbital Command, Reaper  
  20  1:43  Command Center  
  20  1:57  Supply Depot, SCV  
  20  2:01  Marine  
  22  2:10  Barracks  
  22  2:11  SCV  
  23  2:19  Barracks Reactor  
  23  2:23  SCV  
  24  2:35  SCV  
  25  2:38  Refinery  
  25  2:40  Factory  
  25  2:48  SCV  
  26  2:55  Orbital Command  
  26  2:56  Marine x2  
  28  2:58  Barracks Tech Lab  
  28  3:00  SCV  
  29  3:12  SCV  
  30  3:14  Marine x2  
  32  3:20  Supply Depot  
  32  3:21  Stimpack, Marine  
  32  3:23  SCV  
  32  3:24  SCV  
  35  3:35  SCV  
  35  3:36  SCV  
  35  3:37  Starport  
  35  3:38  Factory Reactor, Marine  
  37  3:44  Marine  
  37  3:45  Marine  
  37  3:47  SCV  
  41  3:48  SCV  
  41  3:55  Supply Depot  
  41  3:57  Marine  
  41  3:59  SCV  
  41  4:00  SCV  
  41  4:02  Marine  
  45  4:04  Marine  
  46  4:11  SCV  
  46  4:12  SCV  
  46  4:16  Marine  
  49  4:21  Supply Depot  
  49  4:23  Marine  
  49  4:24  Medivac x2  
  52  4:26  Marine  
  52  4:27  SCV x2  
  59  4:35  Marine  
  59  4:37  Factory Tech Lab  
  58  4:39  SCV x2  
  58  4:40  Supply Depot  
  60  4:48  Marine  
  60  4:49  Marauder  
  60  4:51  SCV x2  
  65  4:55  Supply Depot  
  65  5:03  Siege Tank  
  65  5:06  Refinery, Command Center  
  68  5:09  SCV  
  68  5:10  Engineering Bay x2  
  69  5:15  Marine x2  
  69  5:20  Marauder  
  69  5:33  Marine, Medivac x2  
  69  5:36  SCV x2  
  69  5:39  Refinery  
  69  5:40  Marine  
  69  5:41  Marauder  
  74  5:48  Combat Shields  
  74  5:50  Marine, Barracks x2  
  74  5:52  Barracks  
  75  6:00  SCV x2  
  77  6:05  Factory Reactor, Marine  
  77  6:10  Marine  
  79  6:12  SCV x2  
  79  6:13  Marine  
  79  6:15  Medivac x2  
  86  6:19  Orbital Command  
  86  6:24  SCV  
  86  6:25  SCV  
  88  6:26  Marine  
  88  6:30  Supply Depot  
  89  6:34  Marine x2  
  89  6:36  SCV  
  89  6:37  Terran Infantry Weapons Level 1, Terran Infantry Armor Level 1  
  89  6:38  SCV  
  93  6:48  SCV  
  93  6:49  SCV  
  91  6:54  Barracks Reactor  
  91  6:55  Barracks Reactor x2, Marine x2  
  91  6:57  SCV  
  91  7:00  SCV  
  91  7:01  SCV  
  96  7:05  Widow Mine  
  96  7:06  Widow Mine, Medivac  
  96  7:08  Missile Turret  
  102  7:09  SCV  
  102  7:11  Marine  
  102  7:12  Missile Turret x2, SCV  
  102  7:13  Marine x2, SCV  
  108  7:20  Medivac  
  108  7:21  Supply Depot, SCV  
  111  7:24  Supply Depot, SCV  
  111  7:25  SCV  
  111  7:27  Supply Depot  
  113  7:31  Supply Depot  
  113  7:33  Marine x3, SCV  
  117  7:38  Marine x6, SCV  
  117  7:42  Widow Mine x2  
  117  7:43  Medivac  
  130  7:49  Refinery x2  
  130  7:50  Medivac, Factory  
  132  7:52  SCV x2  
  132  7:56  Marauder  
  132  7:57  Marine  
  137  7:59  Marine x2  
  137  8:00  Marine x3  
  137  8:01  Marine  
  137  8:05  Marine  
  144  8:15  Marine, Widow Mine x2  
  144  8:16  Medivac  
  144  8:17  Marine x3  
  144  8:18  Armory  
  156  8:22  Marine  
  156  8:24  Medivac  
  156  8:26  Supply Depot x2, Marine x2  
  159  8:35  Marine x3  
  159  8:38  Marine x3, Supply Depot  
  159  8:40  Factory Tech Lab  
  165  8:42  Marine  
  163  8:53  Medivac, Marine x3, Widow Mine x2  
  165  9:10  Marine x2  
  165  9:11  Marine  
  138  9:18  Marine x4  
  138  9:19  Marine x2, Widow Mine  
  138  9:20  Medivac  
  138  9:21  Widow Mine  
  138  9:23  Medivac  
  152  9:28  Marine x3  
  143  9:31  Terran Infantry Armor Level 2, Terran Infantry Weapons Level 2  
  143  9:44  Marine x4, Marauder  
  143  9:45  Marine  
  146  9:46  Marine  
  146  9:48  Marine x2, Widow Mine  
  145  9:59  Command Center  
Spawning Tool Build Advisor. Get it on Overwolf

Go to:

Details

  • Created by: DrDanGerous
  • Published on: Jun 22, 2016
  • Modified on: Jun 22, 2016
  • Patch: Pre-3.8.0
Show
View Real Time Build Order
Export as new Build Order

Comments (0)

There are no comments. Be the first!

Create an account to comment!